Map: Ловец снов РВ

Players

SaLemandr

  • Race: Terran Terran
  • League: Master
  • Spawn Location: 11:00

Toundra - Winner!

  • Race: Terran Terran
  • League: Master
  • Spawn Location: 5:00

VOD

Have the link to the VOD?

Description

Time

  • Played on: July 21, 2018, 12:39 p.m.
  • Length: 8:22
Show
View Real Time Build Order
Export as new Build Order

SaLemandr Terran 

Build Orders: 1/1/1, Cyclone Opening 

Get SALT Encoding   

  12  0:01  SCV  
  13  0:13  SCV  
  14  0:17  Supply Depot  
  14  0:25  SCV  
  15  0:31  Refinery  
  15  0:39  SCV  
  16  0:44  Barracks  
  16  0:51  SCV  
  16  0:56  Refinery  
  17  1:03  SCV  
  18  1:15  SCV  
  19  1:31  Orbital Command, Reaper  
  20  1:35  Factory  
  20  1:44  Supply Depot  
  20  1:57  SCV  
  21  2:03  Reaper  
  22  2:09  SCV  
  23  2:19  Cyclone  
  23  2:21  Starport  
  26  2:23  SCV  
  26  2:27  Supply Depot  
  27  2:35  SCV  
  28  2:48  SCV  
  28  2:51  Cyclone  
  32  2:58  Medivac  
  32  3:02  SCV  
  35  3:12  Command Center  
  36  3:20  Supply Depot, SCV  
  36  3:32  SCV  
  37  3:38  Starport Tech Lab, Barracks Tech Lab  
  37  3:39  Factory Tech Lab  
  37  3:44  SCV  
  38  4:06  Raven  
  38  4:07  Marine  
  41  4:10  SCV  
  41  4:11  Command Center  
  42  4:22  SCV  
  38  4:28  Orbital Command  
  38  4:30  Marine  
  38  4:31  Siege Tank  
  39  4:35  SCV  
  40  4:45  Barracks  
  40  4:48  Barracks  
  40  4:49  Raven  
  42  4:53  SCV  
  42  4:54  SCV  
  42  4:57  Marine  
  45  5:05  SCV  
  45  5:06  SCV  
  47  5:07  Stimpack  
  47  5:15  Marine  
  47  5:17  Refinery, SCV  
  47  5:18  SCV  
  47  5:19  Refinery  
  50  5:24  Orbital Command  
  50  5:29  SCV  
  50  5:33  Marine  
  47  5:50  Barracks Reactor x2  
  47  5:51  Marine  
  47  5:54  Siege Tank  
  51  5:59  SCV  
  51  6:02  Starport Reactor  
  51  6:03  SCV  
  53  6:09  Marine  
  54  6:17  Engineering Bay, SCV  
  55  6:19  Engineering Bay  
  55  6:25  Supply Depot  
  55  6:26  Marine x2  
  55  6:27  Marine x3  
  55  6:28  SCV  
  55  6:29  Siege Tank  
  55  6:30  SCV  
  55  6:31  SCV  
  66  6:38  Medivac x2  
  66  6:39  Barracks  
  70  6:40  SCV  
  70  6:41  Barracks  
  70  6:43  SCV  
  70  6:44  Marine  
  70  6:46  Marine x2  
  76  6:47  SCV  
  76  6:49  Marine x2  
  78  6:57  Missile Turret  
  78  6:59  Missile Turret  
  78  7:02  Marine  
  78  7:03  Missile Turret, SCV  
  78  7:04  SCV  
  78  7:07  Orbital Command  
  81  7:10  Marine x2  
  83  7:21  Siege Tank  
  85  7:28  Barracks Reactor x2  
  85  7:33  Supply Depot x2  
  85  7:35  Marine x4, SCV x3  
  92  7:47  SCV  
  93  7:52  Missile Turret x2  
  93  7:54  SCV x2  
  93  7:55  Sensor Tower  
Show
View Real Time Build Order
Export as new Build Order

Toundra Terran - Winner!

Build Orders: 1/1/1, Cyclone Opening 

Get SALT Encoding   

  12  0:01  SCV  
  13  0:13  SCV  
  14  0:17  Supply Depot  
  14  0:25  SCV  
  14  0:28  Refinery  
  15  0:39  SCV  
  16  0:45  Barracks  
  16  0:51  SCV  
  17  0:59  Refinery  
  17  1:03  SCV  
  18  1:15  SCV  
  20  1:32  Orbital Command, Reaper  
  20  1:36  Factory  
  20  1:50  Supply Depot  
  20  1:58  SCV  
  21  2:04  Reaper  
  22  2:10  SCV  
  23  2:19  Cyclone  
  23  2:22  Starport  
  26  2:26  SCV  
  27  2:30  Supply Depot  
  27  2:39  SCV  
  28  2:51  SCV  
  28  2:52  Cyclone  
  32  2:59  Medivac  
  32  3:05  Supply Depot, SCV  
  35  3:18  SCV  
  36  3:31  Command Center, SCV  
  37  3:37  Cyclone  
  40  3:44  Barracks Reactor, SCV  
  40  3:47  Starport Reactor  
  41  3:56  SCV  
  42  4:08  SCV  
  43  4:10  Factory Tech Lab  
  43  4:20  SCV  
  44  4:29  Marine x2  
  44  4:30  Siege Tank  
  46  4:32  SCV  
  46  4:37  Supply Depot  
  47  4:44  SCV  
  48  4:47  Orbital Command, Marine  
  48  4:48  Marine  
  50  4:55  Barracks  
  50  4:56  SCV  
  50  4:57  Starport Reactor  
  51  5:05  Siege Tank  
  54  5:08  SCV  
  54  5:12  Barracks  
  55  5:15  SCV, Barracks Tech Lab  
  55  5:20  SCV  
  57  5:27  SCV  
  58  5:32  SCV  
  57  5:39  SCV  
  57  5:42  Marine x2  
  58  5:43  Siege Tank  
  58  5:44  Stimpack  
  58  5:45  SCV  
  64  5:50  Marine  
  64  5:51  SCV  
  64  5:53  Refinery  
  64  5:55  Supply Depot  
  64  5:56  Medivac, Engineering Bay  
  64  5:57  SCV  
  69  5:59  Refinery  
  69  6:01  Marine  
  70  6:08  Supply Depot x2  
  70  6:16  Marine x3, SCV x2  
  75  6:19  Siege Tank  
  78  6:29  Marine x2, SCV x2  
  78  6:30  Medivac  
  84  6:34  Marine  
  84  6:37  Supply Depot  
  85  6:40  Medivac, Supply Depot  
  85  6:41  SCV  
  85  6:43  Marine x2  
  85  6:45  SCV  
  91  6:47  Marine  
  91  6:53  SCV  
  93  6:57  SCV  
  93  7:00  Command Center  
  94  7:05  Marine  
  94  7:06  Marine  
  94  7:08  Siege Tank  
  99  7:15  SCV x2  
  101  7:18  Supply Depot x2  
  98  7:24  Barracks  
  98  7:25  Barracks  
  98  7:26  Marine x2  
  98  7:27  SCV  
  98  7:29  SCV  
  102  7:36  Marine x2  
  102  7:37  Marine  
  103  7:39  SCV  
  103  7:40  Siege Tank  
  109  7:45  SCV  
  109  7:47  Marine x2  
  113  7:51  SCV  
  113  7:54  Marine  
  113  7:57  SCV  
  114  8:03  SCV  
Tags
 
Add a new tag
Caveats
  • Supply blocks, unpowered buildings, or Contaminate may cause inaccurate times.
  • Supply counts are checked every 10 seconds.